 Dungeon Crawl Stone Soup version 0.29-a0-885-gb26ba3297d (webtiles) character file.

Game seed: 3998462044220149616

2 Nato the Conjurer (level 1, -1/11 HPs)
             Began as an Octopode Conjurer on July 20, 2022.
             Slain by a gnoll
             ... wielding a +0 club
              (3 damage)
             ... on level 1 of the Dungeon.
             The game lasted 00:00:20 (36 turns).

Nato the Conjurer (Octopode Conjurer)                 Turns: 36, Time: 00:00:21

Health: -1/11      AC:  1    Str:  6    XL:     1   Next: 30%
Magic:  2/3        EV: 13    Int: 20    God:
Gold:   0          SH:  0    Dex: 10    Spells: 3/4 levels left

rFire   . . .      SeeInvis .   (no weapon)
rCold   . . .      Faith    .   (no shield)
rNeg    . . .      Spirit   .   (helmet restricted)
rPois   .          Reflect  .   (no amulet)
rElec   .          Harm     .   (no ring)
rCorr   .          Rampage  .   (no ring)
Will    .....                   (no ring)
Stlth   +++.......              (no ring)
HPRegen 0.03/turn               (no ring)
MPRegen 0.08/turn               (no ring)
                                (no ring)
                                (no ring)

@: no status effects
A: almost no armour, amphibious, 8 rings, camouflage 1, gelatinous body 1,
(nimble swimmer 1), tentacles
a: no special abilities


You were on level 1 of the Dungeon.
You visited 1 branch of the dungeon, and saw 1 of its levels.

Inventory:

Potions
 a - a potion of magic
 b - a potion of cancellation {unknown}


   Skills:
 - Level 2.0 Dodging
 - Level 2.6 Stealth
 + Level 2.1 Spellcasting
 - Level 4.0 Conjurations


You had 3 spell levels left.
You knew the following spells:

 Your Spells              Type           Power      Damage    Failure   Level
a - Magic Dart            Conj           72%        1d6       3%          1

Your spell library contained the following spells:

 Spells                   Type           Power      Damage    Failure   Level
 Searing Ray              Conj           36%        2d5       4%          2
 Dazzling Flash           Conj/Hex       20%        N/A       21%         3
 Fulminant Prism          Conj/Hex       5%         3d7       56%         4
 Iskenderun's Mystic Bla  Conj/Tloc      10%        2d4       56%         4


Dungeon Overview and Level Annotations

Branches:
Dungeon (1/15)

Altars:


Innate Abilities, Weirdness & Mutations

You cannot wear most types of armour.
You are amphibious.
You can wear up to eight rings at the same time.
Your skin changes colour to match your surroundings (Stealth+).
Your rubbery body absorbs attacks. (AC +1, EV +1)
((You are camouflaged when in or above water. (Stealth+)))
You have tentacles for arms and can constrict up to eight enemies at once.


Message History

There are monsters nearby!
There are monsters nearby!
There are monsters nearby!
Casting: Magic Dart (safe; 3% risk of failure)
Confirm with . or Enter, or press ? or * to list all spells.
Aiming: Magic Dart (safe; 3% risk of failure)
Press: ? - help, Shift-Dir - straight line, f - kobold
Aim: a kobold, wielding a +0 dagger (100% to hit)
The magic dart hits the kobold.
You kill the kobold!
A gnoll comes into view. It is wielding a +0 club.
Unknown command.
Casting: Magic Dart (safe; 3% risk of failure)
Confirm with . or Enter, or press ? or * to list all spells.
Aiming: Magic Dart (safe; 3% risk of failure)
Press: ? - help, Shift-Dir - straight line, f - bat
Aim: a bat (100% to hit)
The magic dart hits the bat.
You kill the bat!
Unknown command.
There is an open door here.
There is an open door here.
There is an open door here.
There is an open door here.
You open the door.
There is an open door here.
The gnoll attacks as you move away! The gnoll barely misses you.
You open the door. The gnoll hits you but does no damage.
Found 14 gold pieces.
Found a stone staircase leading down.
The gnoll attacks as you move away! The gnoll misses you.
There is an open door here.
The gnoll attacks as you move away! The gnoll hits you with a +0 club.
The gnoll attacks as you move away! The gnoll hits you with a +0 club.
Ouch! That really hurt!
* * * LOW HITPOINT WARNING * * *
Found 16 gold pieces.
The gnoll attacks as you move away! The gnoll closely misses you.
There is a stone staircase leading down here.
The gnoll hits you with a +0 club.
You die...

..###...## #.
.......... #..
........####..#
#...........# #+#
#............
#.#..#.........#
##'##...........#
###...#####..g@...#
+.'.<.'.'.'..$....#
###...#####.......#
##'## ##.##......
#.# #.# #...... #'#
#.# ....$. #.# #.#
...... #'# #.#
...... #.# ...


You could see a gnoll.

Vanquished Creatures
  A bat (D:1)
  A kobold (D:1)
2 creatures vanquished.

Notes
Turn   | Place    | Note
-------+----------+-------------------------------------------
     0 | D:1      | Nato the Octopode Conjurer began the quest for the Orb.
     0 | D:1      | Reached XP level 1. HP: 11/11 MP: 3/3
    36 | D:1      | Slain by a gnoll

Illustrated notes

Levels and vault maps discovered:
D:1:      minmay_arrival_doors, layout_rooms, serial_curves, eino_curves_04,
          eino_curves_04, eino_curves_04, eino_curves_04,
          shapermc_ecumenical_altar_mp_urbaneastern, minmay_curled_crystal,
          minmay_heptomino_w4

Action                   || total
-------------------------++-------
 Cast: Magic Dart        ||     2
Armor: Skin              ||     1
Dodge: Dodged            ||     3

Table legend: (Time is in decaauts)
 A = Elapsed time spent in this place.
 B = Non-inter-level travel time spent in this place.
 C = Inter-level travel time spent in this place.
 D = Time resting spent in this place.
 E = Time spent auto-exploring this place.
 F = Levels seen in this place.
 G = Mean time per level.
                   A        B        C        D        E       F      G
               +--------+--------+--------+--------+--------+-----+--------+
         Total |     36 |     36 |      0 |      0 |     13 |   1 |   36.0 |
       Dungeon |     36 |     36 |      0 |      0 |     13 |   1 |   36.0 |
               +--------+--------+--------+--------+--------+-----+--------+

Top non-repeatable levels by time:
     D:1: 36 daAuts
